 Dungeon Crawl Stone Soup version 0.18.1-48-g4cf74bf (webtiles) character file.

226 Heedrag the Shield-Bearer (level 5, -7/47 HPs)
             Began as a Minotaur Fighter on Aug 7, 2016.
             Mangled by an ogre
             ... wielding a +0 giant club
              (22 damage)
             ... on level 4 of the Dungeon.
             The game lasted 00:04:29 (2846 turns).

Heedrag the Shield-Bearer (Minotaur Fighter)        Turns: 2846, Time: 00:04:30

Health: -7/47      AC: 12    Str: 22    XL:     5   Next: 69%
Magic:  4/4        EV:  4    Int:  7    God:
Gold:   192        SH: 10    Dex:  9    Spells: 0 memorised, 4 levels left

rFire  . . .     SeeInvis .     a - +0 war axe
rCold  . . .     Gourm    +     g - +0 plate armour (curse)
rNeg   . . .     Faith    .     c - +0 shield
rPois  .         Spirit   .     (helmet restricted)
rElec  .         Dismiss  .     (no cloak)
rCorr  .         Reflect  .     (no gloves)
SustAt .         Harm     .     (no boots)
MR     .....                    F - amulet of the gourmand
Stlth  ..........               (no ring)
                                l - +2 ring of intelligence

@: not resistant to hostile enchantments, extremely unstealthy
A: retaliatory headbutt, horns 2
a: no special abilities


You were on level 4 of the Dungeon.
You were not hungry.

You visited 1 branch of the dungeon, and saw 4 of its levels.

You collected 192 gold pieces.

Inventory:

Hand Weapons
 a - a +0 war axe (weapon)
Armour
 b - a +0 scale mail
 c - a +0 shield (worn)
 g - a cursed +0 plate armour (worn)
Jewellery
 l - a +2 ring of intelligence (left hand)
 D - an uncursed amulet of faith
 F - an amulet of the gourmand (around neck)
Wands
 w - a wand of flame (39/48)
 y - a wand of random effects (23/48)
Scrolls
 e - a scroll of immolation {unknown}
 i - 4 scrolls of identify {unknown}
 k - a scroll of fear {unknown}
 n - a scroll of recharging {unknown}
 q - a scroll of enchant weapon {unknown}
 r - a scroll of teleportation {unknown}
 t - a scroll of amnesia {unknown}
 u - a scroll of remove curse {unknown}
 B - a scroll of enchant armour {unknown}
Potions
 d - a potion of might
 h - a potion of heal wounds {unknown}
 j - a potion of flight {unknown}
 m - a potion of mutation {unknown}
 o - 2 potions of berserk rage {unknown}
 p - 2 potions of lignification {unknown}
 v - a potion of magic {unknown}
 z - a potion of haste {unknown}
 A - a potion of degeneration {unknown}
 C - 2 potions of cure mutation {unknown}
Comestibles
 f - 2 bread rations
 s - 4 meat rations
 x - 2 slices of pizza
 E - 6 chunks of flesh


   Skills:
 + Level 4.8 Fighting
 * Level 4.7 Axes
 + Level 4.6 Armour
 + Level 5.0 Shields


You had 4 spell levels left.
You didn't know any spells.

Dungeon Overview and Level Annotations

Branches:
Dungeon (4/15)
 Temple: D:4-7

Altars:
Ashenzari
Fedhas
Gozag
Sif Muna
Vehumet


Innate Abilities, Weirdness & Mutations

You reflexively headbutt those who attack you in melee.
You have a pair of horns on your head.


Message History

Tha ogre be moderately wounded.
Yer plate armour prevents ye from hittin' tha orc. x2
Tha orc be heavily wounded.
Tha ogre hits ye wit' a giant club!
Tha orc hits ye.
* * * LOW HITPOINT WARNIN'
* * * Tha orc hits ye but does nay damage.
Yer plate armour prevents ye from hittin' tha ogre.
Ye headbutt tha ogre.
Tha ogre be heavily wounded.
Ye hit tha orc.
Ye kill tha orc!
Ye hit tha orc.
Tha orc be heavily wounded.
Tha ogre barely misses ye.
Ye block tha orc's attack.
Ye slash tha ogre!
Yer headbutt misses tha ogre.
Tha ogre be almost dead.
Ye hit tha orc.
Tha orc be almost dead.
Tha ogre hits ye wit' a giant club!!
Ye die...

... ..# #.# ..# #. ...
.... #. #.# ..... ###.
##.##..)..
#...###!.(.(.....
#.##.#..#.##o)#.....
###
#.##........@O....$.
..#
#.####.#.####.#.....
#># #.# #..#.## .# #.#
#)# #)# ##.###.##.##.#
#)# #.# #.# ##......#
#)###.####.###.##.####
#.....<..##.#.## .#
...#####.##...###.#
#..# #..........#


You could see an ogre and an orc.

Vanquished Creatures
  The ghost of Heedrag the Conjurer, a weakling DECj (D:3)
  An orc priest (D:3)
  Ijyb (D:3)
  A worker ant (D:4)
  4 adders
  4 dart slugs
  4 giant geckos
  10 orcs
  3 giant cockroaches
  7 goblins
  4 hobgoblins
  5 kobolds
  A quokka (D:3)
  2 ball pythons
  6 bats
  6 rats
60 creatures vanquished.

Notes
Turn   | Place    | Note
--------------------------------------------------------------
     0 | D:1      | Heedrag the Minotaur Fighter began the quest for the Orb.
     0 | D:1      | Reached XP level 1. HP: 19/19 MP: 0/0
   225 | D:1      | Reached XP level 2. HP: 26/27 MP: 1/1
   401 | D:1      | Reached skill level 4 in Shields
   638 | D:2      | Found a deep blue altar of Sif Muna.
   645 | D:2      | Reached XP level 3. HP: 31/33 MP: 2/2
  1127 | D:2      | Found a radiant altar of Vehumet.
  1129 | D:2      | Found an opulent altar of Gozag.
  1577 | D:2      | Found a blossoming altar of Fedhas.
  1578 | D:2      | Found a shattered altar of Ashenzari.
  1781 | D:3      | Reached XP level 4. HP: 39/40 MP: 3/3
  2396 | D:3      | Noticed Ijyb
  2399 | D:3      | Noticed Heedrag's ghost (weakling DECj)
  2404 | D:3      | Killed Ijyb
  2404 | D:3      | Reached XP level 5. HP: 47/47 MP: 4/4
  2421 | D:3      | Killed Heedrag's ghost
  2838 | D:4      | Noticed an ogre
  2838 | D:4      | Reached skill level 5 in Shields
  2846 | D:4      | Mangled by an ogre

Skill      XL: |  1  2  3  4  5 |
---------------+----------------+-----
Axes           | 3 4 |  4.7
Shields        | 4 5 |  5.0
Armour         | 4 |  4.6
Fighting       | 4 |  4.8

Action                   |  1- 3 |  4- 6 || total
-------------------------+-------+-------++-------
Melee: War axe           |   119 |    80 ||   199
       Headbutt          |     9 |    15 ||    24
  Eat: Chunk             |     2 |     4 ||     6
Armor: Plate armour      |    86 |    70 ||   156
Dodge: Dodged            |    16 |    18 ||    34
Block: Shield            |    75 |    36 ||   111
